 Dungeon Crawl Stone Soup version 0.31-a0-564-g3b7de120b3 (webtiles) character file.

Game seed: 12786199243916023174

7532 zazu2006 the Thaumaturge (level 11, -13/92 HPs)
             Began as a Naga Hedge Wizard on Aug 17, 2023.
             Was a Follower of Vehumet.
             Mangled by Snorg (17 damage)
             ... on level 10 of the Dungeon on Aug 18, 2023.
             The game lasted 00:23:54 (10194 turns).

zazu2006 the Thaumaturge (Naga Hedge Wizard)       Turns: 10194, Time: 00:23:54

Health: -13/92     AC: 11    Str: 13    XL:     11   Next: 16%
Magic:  21/32      EV: 11    Int: 18    God:    Vehumet [*.....]
Gold:   488        SH:  0    Dex: 11    Spells: 12/27 levels left

rFire   + . .        C - +3 long sword
rCold   + . .        (no shield)
rNeg    . . .        s - +2 robe {rC+ rF+}
rPois   +            c - +0 hat
rElec   .            A - +0 cloak
rCorr   .            (no gloves)
SInv    +            (no barding)
Will    +....        (no amulet)
Stlth   ++++         e - ring of magical power
HPRegen 0.35/turn    g - +4 ring of protection
MPRegen 0.23/turn

%: no passive effects
@: very slow
A: AC +3, large, see invisible, deformed body, poison resistance, slowness 2,
spit poison 1, naga tail 1
a: Spit Poison, Renounce Religion


You were on level 10 of the Dungeon.
You worshipped Vehumet.
Vehumet was aware of your devotion.
You visited 2 branches of the dungeon, and saw 11 of its levels.

You collected 488 gold pieces.

Inventory:

Hand Weapons
 i - a +1 dagger of holy wrath
 v - a +2 dagger of freezing
 C - a +3 long sword (weapon)
Armour
 c - a +0 hat (worn)
 s - a +2 robe of resistance (worn)
 A - a +0 cloak (worn)
 B - +0 steam dragon scales
Jewellery
 e - a ring of magical power (left hand)
 g - a +4 ring of protection (right hand)
 p - a ring of protection from fire
 y - a ring of flight
 D - a +4 ring of protection
Wands
 m - a wand of flame (13)
 o - a wand of paralysis (7)
 I - a wand of iceblast (3)
Scrolls
 b - a scroll of torment {unknown}
 f - a scroll of teleportation {unknown}
 h - a scroll of noise {unknown}
 n - 2 scrolls of enchant armour {unknown}
 q - 6 scrolls of identify {unknown}
 r - 2 scrolls of enchant weapon {unknown}
 x - 2 scrolls of fear {unknown}
 G - a scroll of blinking {unknown}
 H - a scroll of amnesia {unknown}
 J - a scroll of fog {unknown}
Potions
 a - a potion of cancellation {unknown}
 d - 2 potions of magic
 j - 2 potions of ambrosia {unknown}
 k - 3 potions of brilliance {unknown}
 l - 2 potions of attraction {unknown}
 t - 3 potions of enlightenment {unknown}
 u - a potion of mutation {unknown}
 w - a potion of heal wounds {unknown}
 z - a potion of curing {unknown}
 E - a potion of haste {unknown}
 F - a potion of invisibility {unknown}


   Skills:
 + Level 4.1 Fighting
 + Level 4.4 Long Blades
 + Level 5.9 Dodging
 + Level 8.3 Stealth
 + Level 8.6 Spellcasting
 + Level 8.0 Conjurations
 + Level 1.0 Summonings
 + Level 1.0 Translocations
 + Level 1.6 Fire Magic
 + Level 3.8 Air Magic
 + Level 4.0 Poison Magic
 + Level 1.3 Evocations


You had 12 spell levels left.
You knew the following spells:

 Your Spells              Type           Power      Damage    Failure   Level
a - Magic Dart            Conj           100%       1d8       1%          1
b - Mephitic Cloud        Conj/Pois/Air  26%        N/A       3%          3
c - Blink                 Tloc           22%        N/A       10%         2
d - Sticky Flame          Conj/Fire      25%        2d5       13%         4
e - Freezing Cloud        Conj/Ice/Air   10%        6-21      45%         5

Your spell library contained the following spells:

 Spells                   Type           Power      Damage    Failure   Level
 Sandblast                Erth           14%        2d6       10%         1
 Poisonous Vapours        Pois/Air       42%        N/A       2%          2
 Cigotuvi's Dreadful Rot  Necr/Pois/Air  34%        N/A       4%          2
 Slow                     Hex            28%        N/A       10%         1
 Call Imp                 Summ           22%        N/A       10%         2
 Vhi's Electric Charge    Tloc/Air       32%        N/A       11%         3
 Ignite Poison            Fire/Tmut/Pois 14%        N/A       13%         3
 Arcjolt                  Conj/Air       14%        1d24      22%         5
 Ozocubu's Armour         Ice            7%         N/A       28%         3
 Passage of Golubria      Tloc           11%        N/A       52%         4
 Silence                  Hex/Air        7%         N/A       75%         5
 Plasma Beam              Fire/Air       8%         2x1d19    99%         6
 Ozocubu's Refrigeration  Ice            3%         4d8       100%        7
 Ignition                 Fire           6%         3d4       100%        8
 Lehudib's Crystal Spear  Conj/Erth      11%        10d4      100%        8


Dungeon Overview and Level Annotations

Branches:
Dungeon (10/15)            Temple (1/1) D:6            Lair (0/5) D:8
    Orc (0/2) D:9

Altars:
Ashenzari
Cheibriados
Dithmenos
Elyvilon
Fedhas
Gozag
Hepliaklqana
Kikubaaqudgha
Makhleb
Nemelex Xobeh
Okawaru
Qazlal
Ru
Sif Muna
Uskayaw
Vehumet
Xom
Yredelemnul
Zin
The Shining One

Shops:
D:1 *   D:8 *   D:9 =

Annotations:
D:10 Gastronok, Snorg


Innate Abilities, Weirdness & Mutations

Your serpentine skin is tough. (AC +3)
You have supernaturally acute eyesight. (SInv)
Armour fits poorly on your strangely shaped body.
Your system is resistant to poisons. (rPois)
You cover ground very slowly.
You can spit poison.
You have a snake-like lower body.


Message History

Press: ? - help, Shift-Dir - straight line, f/p - Snorg
Aim: Snorg (severely wounded, covered in liquid flames, poisoned, chance to affect: 62%)
The ball explodes into a vile cloud!
The stinking cloud engulfs Snorg but does no damage.
Snorg is severely wounded.
The stinking cloud engulfs you but does no damage.
Snorg looks more healthy.
Snorg burns!
Snorg is engulfed in noxious fumes.
Snorg goes berserk!
Unknown command.
You barely miss Snorg.
Snorg is severely wounded.
Snorg burns!
Snorg is engulfed in noxious fumes.
Snorg bites you! Snorg claws you but does no damage. Snorg claws you!
Snorg is engulfed in noxious fumes.
Snorg misses you. Snorg claws you but does no damage. Snorg claws you.
You slash Snorg!
Snorg is severely wounded.
Snorg burns!
Snorg is engulfed in noxious fumes.
Snorg appears confused.
Snorg misses you. Snorg claws you! Snorg claws you but does no damage.
You slash Snorg!
Snorg is almost dead.
Snorg burns!
Snorg stops burning.
You see here 14 gold pieces.
Casting: Mephitic Cloud (mildly dangerous; 3% risk of failure)
Confirm with . or Enter, or press ? or * to list all spells.
Aiming: Sticky Flame (dangerous; 13% risk of failure)
Press: ? - help, Shift-Dir - straight line, f/p - Snorg
Aim: Snorg (almost dead, berserk, confused)
The sticky flame hits Snorg.
Snorg is almost dead.
Snorg is covered in liquid flames!
Snorg burns!
Snorg bites you. Snorg barely misses you. Snorg claws you but does no damage.
Snorg bites you!!
* * * LOW HITPOINT WARNING * * *
Snorg claws you.
* * * LOW HITPOINT WARNING * * *
Snorg claws you.
* * * LOW HITPOINT WARNING * * *
Unknown command.
Snorg seems less confused.
Snorg burns!
Snorg bites you!
You die...

###
#..
#.#
#.#
#.#
#.#
#T#
#@#
#.#
#.#
#.)
###


You could see Snorg (berserk, burning).

Vanquished Creatures
  3 two-headed ogres
  Pikel (D:5)
  A troll (D:9)
  Sigmund (D:5)
  A shadow (D:9)
  2 steam dragons (D:7)
  Menkaure (D:5)
  A water moccasin (D:7)
  3 orc warriors
  A sky beast (D:8)
  6 black bears
  2 centaurs
  2 lemures (D:5)
  A kobold brigand (D:8)
  7 bullfrogs
  5 scorpions
  Blork the orc (D:6)
  5 wights
  15 killer bees
  7 howler monkeys
  3 orc priests
  6 hounds
  A quasit (D:5)
  Crazy Yiuf (D:5)
  A gnoll bouda (D:8)
  A jelly (D:6)
  3 iguanas
  A sleepcap (D:5)
  10 orc wizards
  5 gnolls (D:8)
  8 adders
  9 shadow imps
  3 white imps
  4 ufetubi
  2 worms
  3 dart slugs
  27 orcs
  6 bats
  5 endoplasms
  5 giant cockroaches
  8 goblins
  5 hobgoblins
  8 kobolds
  4 quokkas
  5 ball pythons
  2 frilled lizards
  5 rats
207 creatures vanquished.

Vanquished Creatures (collateral kills)
  4 killer bees
4 creatures vanquished.

Grand Total: 211 creatures vanquished

Notes
Turn   | Place    | Note
-------+----------+-------------------------------------------
     0 | D:1      | zazu2006 the Naga Hedge Wizard began the quest for the Orb.
     0 | D:1      | Reached XP level 1. HP: 15/15 MP: 4/4
   322 | D:1      | Reached XP level 2. HP: 22/22 MP: 6/6
   684 | D:1      | Found Jaylev's Assorted Antiques.
  1373 | D:2      | Reached XP level 3. HP: 16/28 MP: 4/8
  1377 | D:2      | Learned a level 3 spell: Mephitic Cloud
  1380 | D:2      | Learned a level 2 spell: Blink
  1649 | D:2      | Found a shimmering blue altar of Sif Muna.
  1727 | D:2      | Reached XP level 4. HP: 36/36 MP: 9/9
  2743 | D:3      | Found a glowing silver altar of Zin.
  2820 | D:3      | Identified the +4 short sword "Fuar" {drain, rElec}
  3230 | D:4      | Noticed a scorpion
  3240 | D:4      | Killed a scorpion
  3241 | D:4      | Reached XP level 5. HP: 37/42 MP: 11/11
  3472 | D:4      | Reached XP level 6. HP: 47/49 MP: 11/13
  3784 | D:4      | Found a white marble altar of Elyvilon.
  4014 | D:5      | Entered Level 5 of the Dungeon
  4097 | D:5      | Noticed Menkaure
  4114 | D:5      | Killed Menkaure
  4115 | D:5      | Reached skill level 5 in Spellcasting
  4116 | D:5      | Noticed Pikel
  4131 | D:5      | Killed Pikel
  4132 | D:5      | Reached skill level 5 in Conjurations
  4132 | D:5      | Reached skill level 1 in Air Magic
  4132 | D:5      | Reached skill level 1 in Poison Magic
  4132 | D:5      | Reached XP level 7. HP: 29/56 MP: 9/16
  4132 | D:5      | Reached XP level 8. HP: 33/63 MP: 9/17
  4239 | D:5      | Found a runed translucent door.
  4240 | D:5      | Noticed Crazy Yiuf
  4450 | D:5      | Reached skill level 1 in Fighting
  4608 | D:5      | Identified the +5 flail of the Tundras {elec, SInv}
  4671 | D:5      | Noticed Sigmund
  4698 | D:5      | Killed Sigmund
  4735 | D:5      | You fall into a shaft and drop 2 floors!
  4849 | D:7      | Reached skill level 5 in Stealth
  4870 | D:7      | Reached XP level 9. HP: 20/70 MP: 18/19
  5710 | D:7      | Noticed a two-headed ogre
  5728 | D:7      | Killed a two-headed ogre
  5729 | D:7      | Reached skill level 1 in Evocations
  5815 | D:7      | Learned a level 4 spell: Sticky Flame
  6159 | D:6      | Found a basalt altar of Yredelemnul.
  6225 | D:8      | Reached XP level 10. HP: 75/81 MP: 21/21
  6321 | D:6      | Noticed Blork the orc
  6345 | D:6      | Killed Blork the orc
  6482 | D:6      | Found a staircase to the Ecumenical Temple.
  6500 | Temple   | Found a transporter.
  6500 | Temple   | Found a transporter.
  6500 | Temple   | Found a transporter.
  6500 | Temple   | Found a transporter.
  6500 | Temple   | Entered the Ecumenical Temple
  6526 | Temple   | Became a worshipper of Vehumet
  8029 | D:5      | Killed Crazy Yiuf
  8030 | D:5      | Reached skill level 5 in Dodging
  8365 | D:7      | Reached * piety under Vehumet
  8365 | D:7      | Offered knowledge of Sandblast by Vehumet.
  8419 | D:8      | Found Gefepp's Assorted Antiques.
  8654 | D:8      | Reached skill level 1 in Long Blades
  8654 | D:8      | Reached skill level 1 in Fire Magic
  8863 | D:8      | Found a staircase to the Lair.
  9215 | D:9      | Noticed a two-headed ogre
  9219 | D:9      | Found a staircase to the Orcish Mines.
  9239 | D:9      | Killed a two-headed ogre
  9527 | D:9      | Found a stormy altar of Qazlal.
  9532 | D:9      | Found a hazy altar of Hepliaklqana.
  9546 | D:9      | Found Cegryudi's Jewellery Boutique.
  9646 | D:9      | Learned a level 5 spell: Freezing Cloud
  9647 | D:9      | Found an iron altar of Okawaru.
  9792 | D:9      | Found a snail-covered altar of Cheibriados.
  9880 | D:9      | Noticed a two-headed ogre
  9890 | D:9      | Killed a two-headed ogre
  9891 | D:9      | Reached XP level 11. HP: 51/92 MP: 23/23
 10052 | D:10     | Entered Level 10 of the Dungeon
 10054 | D:10     | Noticed Gastronok
 10178 | D:10     | Noticed Snorg
 10193 | D:10     | HP: 4/92 [Snorg (5)]
 10194 | D:10     | Mangled by Snorg

Illustrated notes

Levels and vault maps discovered:
D:1:      eino_arrival_druids_welcome, layout_basic, serial_shops, shop
D:2:      layout_loops_ring, basic_altar
D:3:      layout_basic, mainiacjoe_overflow_surrounded_room,
          chequers_mini_garden, glass_columns_b, feat_on_display
D:4:      layout_basic, elyvilon_altar_4, serial_bayou, serial_bayou_ford_a,
          serial_bayou_lagoon_a, serial_bayou_pond_b, serial_bayou_pond_a,
          kennysheep_cluttered_room
D:5:      layout_gridville, serial_demonic, serial_demonic_g, serial_demonic_g,
          serial_demonic_g, serial_demonic_g, serial_demonic_e,
          serial_demonic_g, serial_demonic_b, serial_demonic_a,
          uniq_crazy_yiuf_cottage, uniq_pikel, uniq_menkaure, uniq_sigmund
D:6:      layout_cave_pods, nicolae_overflow_hidden_temple,
          minmay_temple_entry_glass, serial_park, serial_park_square3
          [serial_park_minivault_5x5_4], serial_park_square3
          [serial_park_minivault_5x5_4], serial_park_tiny_1, uniq_blork_the_orc
D:7:      layout_loops_corners, minmay_bent
D:8:      layout_rooms, grunt_lair_entry_orc_guard_hut, serial_shops, shop
D:9:      layout_rooms, mainiacjoe_overflow_boulevard,
          kennysheep_okawaru_gauntlet, grunt_temple_overflow_open, serial_shops,
          shop
D:10:     layout_loops_ring, pdpol_wu_jian_five_deadly_venoms,
          mainiacjoe_overflow_concentric_impassable, serial_shops, shop,
          uniq_snorg, uniq_gastronok
Temple:   hellmonk_temple_divided_pantheon

Skill      XL: |  1  2  3  4  5  6  7  8  9 10 |
---------------+-------------------------------+-----
Conjurations   | 2 3 5 6 7 8 |  8.0
Dodging        | 2 3 4 5 |  5.9
Spellcasting   | 4 6 7 8 |  8.6
Stealth        | 4 5 7 8 |  8.3
Air Magic      | 1 2 3 |  3.8
Poison Magic   | 1 2 3 4 |  4.0
Fighting       | 1 2 4 |  4.1
Evocations     | 1 |  1.3
Long Blades    | 4 |  4.4
Fire Magic     | 1 |  1.6
Summonings     | |  1.0
Translocations | |  1.0

Action                     |  1- 3 |  4- 6 |  7- 9 | 10-12 || total
---------------------------+-------+-------+-------+-------++-------
  Melee: Dagger            |       |    12 |   132 |    74 ||   218
         Punch             |       |       |     2 |     3 ||     5
         Long sword        |       |       |       |   145 ||   145
   Cast: Magic Dart        |    83 |   116 |    99 |   135 ||   433
         Mephitic Cloud    |       |     6 |    21 |    26 ||    53
         Sticky Flame      |       |       |     1 |    27 ||    28
Ability: Spit Poison       |     5 |    12 |    25 |    23 ||    65
  Evoke: Wand              |       |     2 |     3 |       ||     5
   Stab: Sleeping          |       |     1 |       |     1 ||     2
         Confused          |       |       |     5 |     9 ||    14
 Armour: Robe              |     6 |    17 |    80 |   180 ||   283
  Dodge: Dodged            |    11 |    24 |   121 |   253 ||   409

Table legend: (Time is in decaauts)
 A = Elapsed time spent in this place.
 B = Non-inter-level travel time spent in this place.
 C = Inter-level travel time spent in this place.
 D = Time resting spent in this place.
 E = Time spent auto-exploring this place.
 F = Levels seen in this place.
 G = Mean time per level.
                   A        B        C        D        E       F      G
               +--------+--------+--------+--------+--------+-----+--------+
         Total |  12464 |  12038 |    426 |    277 |   9895 |  11 | 1133.1 |
       Dungeon |  12406 |  11991 |    415 |    277 |   9890 |  10 | 1240.6 |
        Temple |     58 |     48 |     10 |      0 |      5 |   1 |   58.0 |
               +--------+--------+--------+--------+--------+-----+--------+

Top non-repeatable levels by time:
     D:7: 2041 daAuts
     D:5: 1587 daAuts
     D:1: 1557 daAuts
     D:2: 1523 daAuts
     D:6: 1521 daAuts
     D:4: 1251 daAuts
     D:8: 1139 daAuts
     D:9: 1032 daAuts
     D:3: 673 daAuts
    D:10: 77 daAuts
  Temple: 58 daAuts
